cohdb
Replays
Latest Replays
All Replays
Popular Replays
Top Player Replays
Match Explorer
How It Works
Community
CoH3 Stats
Reddit
Sign in to upload your games and track your stats! →
Sign in with Steam
Lisan Al Gaib
Match 36025646
Overview
Messages
Build Orders
End
Kradschützen Motorcycle Team
Selects Italian Infantry
Kradschützen Motorcycle Team
Panzerpioneer Squad
Panzerpioneer Squad
Panzerpioneer Squad
Kradschützen Motorcycle Team
Selects Guastatori Squad
Selects L6/40 Light Tank Combat Group
L6/40 Light Tank Combat Group
Construct Light Support Kompanie
L6/40 Light Tank Combat Group
Alpenwell
Lisan al Gaib
0
0
Comments
sign in to comment!
Dave
8 months ago
OHHHHH